AoeStats
← gdpadilla950

Arena

509953131Analyzed
2v2 RM · 5d ago on Sep 28, 2026· 61m 38s· 4 players
Game mode
Random Map
Map size
Medium (4 player)
Population
200
Speed
Normal
Resources
Standard
Victory
Conquest
Starting age
Dark Age
Ending age
Imperial Age
RankedLock teamsTeams togetherTeam positionsShared explorationLock speedFull tech treeHidden civsTurbo modeCheats
Victory
Defeat
🇩🇰 Franks · Denmark
1008
+15
🇩🇰 Berbers · Denmark
1000
+15
🇦🇷 Italians · Argentina
992
-15
🇦🇷 Byzantines · Argentina
979
-15
gdpadilla950
4:26 Loom
9:49 Feudal Age
11:33 Double-Bit Axe
14:33 Castle Age
14:54 Wheelbarrow
16:15 Bow Saw
18:42 Fervor
22:48 Fletching
29:07 Imperial Age
27:38 Pikeman
31:38 Bodkin Arrow
33:41 Elite Skirmisher
36:15 Thumb Ring
36:13 Bracer
37:23 Two-Man Saw
37:10 Stone Mining
40:40 Ballistics
42:30 Chemistry
44:33 Conscription
44:16 Gold Mining
44:43 Scale Mail Armor
44:54 Forging
45:46 Hand Cart
45:46 Padded Archer Armor
45:46 Stone Mining
46:18 Squires
46:15 Elite Genoese Crossbowman
47:48 Leather Archer Armor
50:09 Ring Archer Armor
49:27 Crossbowman
50:48 Iron Casting
51:37 Stone Shaft Mining
50:57 Treadmill Crane
51:28 Fortified Wall
51:39 Arbalester
53:34 Chain Mail Armor
54:19 Blast Furnace
56:11 Plate Mail Armor
58:31 Silk Road
61:42 Scale Barding Armor
joaquinc96
11:08 Feudal Age
11:06 Loom
11:34 Double-Bit Axe
14:09 Wheelbarrow
16:24 Castle Age
14:31 Horse Collar
15:09 Gold Mining
16:04 Stone Mining
16:07 Fletching
23:51 Fervor
32:08 Hand Cart
37:36 Imperial Age
39:03 Padded Archer Armor
40:20 Crossbowman
41:05 Bodkin Arrow
41:25 Leather Archer Armor
41:13 Arbalester
42:00 Thumb Ring
42:30 Ballistics
45:23 Chemistry
44:27 Scale Mail Armor
45:23 Pikeman
46:36 Squires
48:35 Conscription
48:25 Bracer
49:39 Halberdier
51:02 Fortified Wall
52:09 Chain Mail Armor
52:26 Ring Archer Armor
52:07 Forging
54:42 Hoardings
54:40 Elite Skirmisher
55:43 Elite Skirmisher
philip201209697
11:28 Feudal Age
13:01 Double-Bit Axe
15:43 Castle Age
14:31 Horse Collar
15:24 Town Watch
16:53 Wheelbarrow
16:05 Loom
18:35 Bow Saw
20:27 Scale Barding Armor
21:14 Hand Cart
26:52 Heavy Plow
27:19 Fletching
32:59 Imperial Age
32:51 Kasbah
39:03 Caravan
42:00 Bodkin Arrow
42:18 Forging
43:29 Thumb Ring
44:59 Crop Rotation
44:43 Stone Mining
44:43 Gold Mining
46:00 Stone Shaft Mining
46:03 Gold Shaft Mining
45:55 Ballistics
45:51 Fortified Wall
45:27 Treadmill Crane
45:51 Elite Genitour
46:55 Bracer
46:56 Padded Archer Armor
50:10 Bloodlines
50:03 Husbandry
50:22 Leather Archer Armor
51:09 Chain Barding Armor
51:25 Iron Casting
50:19 Heavy Camel Rider
51:57 Ring Archer Armor
51:34 Light Cavalry
52:58 Plate Barding Armor
53:28 Chemistry
52:40 Masonry
55:30 Murder Holes
55:13 Hussar
57:32 Blast Furnace
56:33 Scale Mail Armor
61:53 Chain Mail Armor
sejbjerg15
11:16 Feudal Age
17:08 Castle Age
15:27 Double-Bit Axe
18:34 Loom
26:59 Imperial Age
25:51 Wheelbarrow
27:19 Hand Cart
26:51 Town Watch
27:23 Forging
27:47 Ballistics
28:23 Bow Saw
30:01 Scale Barding Armor
30:17 Fletching
31:31 Chemistry
31:22 Siege Engineers
31:04 Arrowslits
32:47 Scale Mail Armor
33:22 Iron Casting
33:42 Masonry
34:07 Pikeman
35:06 Chain Mail Armor
36:06 Architecture
35:52 Halberdier
37:19 Squires
37:21 Husbandry
38:29 Ordonnance Companies
40:38 Murder Holes
44:01 Chain Barding Armor
44:12 Plate Mail Armor
44:43 Blast Furnace
44:28 Town Patrol
43:54 Cavalier
47:04 Plate Barding Armor
47:04 Gold Mining
47:23 Bodkin Arrow
48:07 Arson
48:53 Paladin
48:58 Elite Skirmisher
50:19 Padded Archer Armor
50:29 Heavy Scorpion
51:39 Fortified Wall
51:09 Treadmill Crane
52:06 Conscription
51:48 Chivalry
52:34 Hoardings
51:21 Elite Throwing Axeman
52:22 Leather Archer Armor
Connection lost

Rejoining the realm…

Still unreachable

The connection could not be restored.

Session expired

The server has moved on; the page needs a fresh start.